 Dungeon Crawl Stone Soup version 0.25.0-9-g26727b657a (webtiles) character file.

Game seed: 17959268302211056382

40134 Lanoc the Gelid (level 14, -2/112 HPs)
             Began as a Naga Ice Elementalist on June 18, 2020.
             Was a Priest of Ashenzari.
             Slain by a harpy skeleton (6 damage)
             ... on level 14 of the Dungeon.
             The game lasted 01:03:17 (21393 turns).

Lanoc the Gelid (Naga Ice Elementalist)            Turns: 21393, Time: 01:03:19

Health: -2/112     AC: 14    Str: 12    XL:     14   Next: 9%
Magic:  13/15      EV: 15    Int: 21    God:    Ashenzari [***...]
Gold:   636        SH:  0    Dex: 12    Spells: 3/17 levels left

rFire    x . .     SeeInvis +   t - +7 dagger of Qaowis {venom, Stlth+}
rCold    + . .     Gourm    .   (no shield)
rNeg     . . .     Faith    .   H - +3 troll leather armour {Snorg}
rPois    +         Spirit   .   l - +1 helmet
rElec    .         Reflect  .   (no cloak)
rCorr    .         Harm     .   w - +0 pair of gloves
MR       ++...                  (no barding)
Stlth    +++.......             (no amulet)
HPRegen  0.68/turn              E - ring of protection from magic
MPRegen  0.14/turn              o - ring of ice

@: frozen ramparts, hasted, quick
A: large, slimy green scales 1, see invisible, clever 1, deformed body, low mp
1, poison resistance, robust 1, slowness 2, slow metabolism 1, spit poison 1,
evolution 2, constrict 1, AC +4
a: Spit Poison, Curse Item, Scrying, Renounce Religion


You were on level 14 of the Dungeon.
You worshipped Ashenzari.
Ashenzari was most pleased with you.
You were hungry.

You visited 3 branches of the dungeon, and saw 16 of its levels.
You visited the Abyss 1 time.

You collected 888 gold pieces.
You spent 252 gold pieces at shops.

Inventory:

Hand Weapons
 t - the +7 dagger of Qaowis (weapon) {venom, Stlth+}
   (You found it on level 4 of the Dungeon)

   It poisons the flesh of those it strikes.
   It makes you more stealthy.
 J - a +3 scimitar of flaming
Missiles
 I - 8 curare-tipped darts (quivered)
Armour
 k - a +2 kite shield
 l - a +1 helmet (worn)
 w - a +0 pair of gloves (worn)
 H - a +3 troll leather armour (worn) {Snorg}
Magical Staves
 m - an uncursed staff of earth
Jewellery
 h - a +6 ring of dexterity
 o - a ring of ice (right hand)
 p - an uncursed ring of fire
 s - a +6 ring of strength
 A - an uncursed ring of ice
 E - a ring of protection from magic (left hand)
Wands
 n - a wand of flame (33)
 y - a wand of disintegration (12)
 F - a wand of clouds (7)
 G - a wand of polymorph (25)
Scrolls
 b - 4 scrolls of amnesia
 d - 9 scrolls of identify
 e - 5 scrolls of enchant weapon
 i - 2 scrolls of teleportation
 j - a scroll of summoning
 q - 3 scrolls of enchant armour
 x - 2 scrolls of fog
 C - 2 scrolls of immolation
Potions
 a - 5 potions of stabbing
 f - a potion of berserk rage
 r - a potion of mutation
 v - a potion of curing
 z - a potion of invisibility
 B - 5 potions of cancellation
Miscellaneous
 u - a box of beasts
Comestibles
 c - 12 rations


   Skills:
 + Level 11.7 Dodging
 - Level 3.0 Stealth
 - Level 2.0 Spellcasting
 * Level 18.5 Ice Magic


You had 3 spell levels left.
You knew the following spells:

 Your Spells              Type           Power        Failure   Level  Hunger
a - Hailstorm             Conj/Ice       ######..     4%          4    #####..
b - Frozen Ramparts       Ice            ######       1%          3    ###....
c - Ozocubu's Armour      Chrm/Ice       ######..     1%          3    ###....
d - Summon Ice Beast      Ice/Summ       ######..     4%          4    #####..

Your spell library contained the following spells:

 Spells                   Type           Power        Failure   Level  Hunger
 Freeze                   Ice            ####         0%          1    #......
 Shock                    Conj/Air       #...         19%         1    #......
 Summon Small Mammal      Summ           #...         19%         1    #......
 Call Imp                 Summ           #.......     28%         2    ##.....
 Poisonous Vapours        Pois/Air       #.....       28%         2    ##.....
 Confusing Touch          Hex            #.......     50%         3    ###....
 Conjure Flame            Conj/Fire      #.......     50%         3    ###....
 Gell's Gravitas          Tloc           #.........   50%         3    ###....
 Mephitic Cloud           Conj/Pois/Air  #.......     50%         3    ###....
 Metabolic Englaciation   Hex/Ice        ######....   12%         5    ######.
 Petrify                  Tmut/Erth      #.......     88%         4    #####..
 Sticky Flame             Conj/Fire      #.......     88%         4    #####..
 Freezing Cloud           Conj/Ice/Air   #####.....   92%         6    #######
 Summon Forest            Summ/Tloc      #.........   99%         5    ######.
 Yara's Violent Unravell  Hex/Tmut       #.........   99%         5    ######.
 Conjure Ball Lightning   Conj/Air       #.........   100%        6    #######
 Ring of Flames           Chrm/Fire      #.........   100%        7    #######


Dungeon Overview and Level Annotations

Branches:
Dungeon (14/15)            Temple (1/1) D:7            Lair (0/6) D:10
    Orc (1/2) D:11         Vaults (0/5) D:14

Altars:
Ashenzari
Cheibriados
Dithmenos
Elyvilon
Fedhas
Gozag
Hepliaklqana
Kikubaaqudgha
Makhleb
Nemelex Xobeh
Okawaru
Qazlal
Ru
Sif Muna
Trog
Uskayaw
Vehumet
Wu Jian
Xom
Yredelemnul
Zin
The Shining One

Shops:
D:4 =   D:6 *!???

Annotations:
D:7 3 runed translucent doors, Jaiteiro's ghost, novice CeHu
D:9 2 runed translucent doors, exclusion: obsidian statue
D:11 exclusion: obsidian statue
D:12 4 runed translucent doors


Innate Abilities, Weirdness & Mutations

You cannot wear boots.
Your serpentine skin is tough. (AC +4)
You have supernaturally acute eyesight. (SInv)
Armour fits poorly on your strangely shaped body.
Your system is resistant to poisons. (rPois)
You cover ground very slowly.
You have a slow metabolism.
You can spit poison.
You can use your snake-like lower body to constrict enemies.
You are partially covered in slimy green scales. (AC +2)
Your mind is acute. (Int +2)
Your magical capacity is low. (-10% MP)
You are robust. (+10% HP)
You rapidly evolve.


Message History

The harpy skeleton completely misses you.
The harpy skeleton claws you.
* * * LOW HITPOINT WARNING * * *
You puncture the harpy skeleton!
The harpy skeleton is severely damaged.
You constrict the harpy skeleton.
The harpy skeleton completely resists.
The wall freezes the harpy skeleton but do no damage.
The harpy skeleton misses you. The harpy skeleton closely misses you.
The harpy skeleton completely resists.
The wall freezes the harpy skeleton but do no damage.
The harpy skeleton claws you.
* * * LOW HITPOINT WARNING * * *
The harpy skeleton closely misses you.
You hit the harpy skeleton.
The harpy skeleton is almost destroyed.
You constrict the harpy skeleton.
The harpy skeleton resists.
The wall freezes the harpy skeleton.
The harpy skeleton claws you.
* * * LOW HITPOINT WARNING * * *
The harpy skeleton claws you.
You die...

..######......# #.....#.....#
..'....#....>.# #...(.#.....#
..#....#......# #.....#.....#
..#....#......#####.....#.....#
..#'####................#.....#
........................####..###
...........................#.....
......####'############'####.....
......#.........@Z†.)............
......#..........(###............
#######.......)####.#............
...............'....#............
....######.....#....#..........##
....# #.....'...(#..........#.
###.# #.....#....#..........#.
..#=# #.....###..#.....P.P..#.
..#)######.......####..##..PPP.#.


You could see a harpy skeleton.

Vanquished Creatures
  Jorgrun (D:12)
  Gastronok (D:11)
  Kirke (D:13)
  Snorg (D:10)
  3 hydras
  Erica (D:11)
  2 centaur warriors (D:14)
  5 two-headed ogres
  A tengu warrior (D:14)
  A thrashing horror (Abyss:1)
  Sonja (D:11)
  Urug (D:10)
  A wretched star (Abyss:1)
  4 unseen horrors
  A wolf spider zombie (D:14)
  7 ugly things
  2 cyclopes
  A wolf spider (D:14)
  2 gargoyles
  2 centaur skeletons
  5 trolls
  Prince Ribbit (D:9)
  2 dream sheep (D:8)
  A slime creature (D:12)
  Grinder (D:5)
  A raiju (Abyss:1)
  4 hippogriffs
  2 large abominations (Abyss:1)
  6 yaks
  A human (D:11)
  A wraith (D:10)
  A shadow (D:13)
  5 hogs
  A chaos spawn (Abyss:1)
  7 vampire mosquitoes
  5 hungry ghosts
  Menkaure (D:5)
  10 orc warriors
  5 ice beasts
  3 sky beasts
  2 eyes of draining
  2 phantoms
  A hornet zombie (D:9)
  3 necrophages
  7 ogres
  3 wolves (D:10)
  2 black bears
  A boggart (D:14)
  10 centaurs
  Blork the orc (D:5)
  11 bullfrogs
  A gnoll sergeant (D:9)
  8 big kobolds
  A water moccasin zombie (D:7)
  5 scorpions
  A wyvern skeleton (D:13)
  12 killer bees
  11 wights
  4 howler monkeys
  4 electric eels
  8 crimson imps
  8 jellies
  A quasit (D:14)
  9 hounds
  4 bullfrog skeletons
  11 orc priests
  A gnoll shaman (D:7)
  16 orc wizards
  4 iguanas
  Terence (D:3)
  10 worker ants
  2 hound skeletons
  A hound zombie (D:7)
  A worker ant zombie (D:8)
  17 adders
  11 gnolls
  7 shadow imps
  An ufetubus (Abyss:1)
  An adder skeleton (D:9)
  4 worms
  A leopard gecko (D:11)
  66 orcs
  6 giant cockroaches
  4 goblins
  9 hobgoblins
  7 jackals
  6 quokkas
  A ball python (D:4)
  12 bats
  3 frilled lizards
  20 kobolds
  3 rats
448 creatures vanquished.

Vanquished Creatures (others)
  A human (D:13)
  2 fungi (D:14)
3 creatures vanquished.

Grand Total: 451 creatures vanquished

Notes
Turn   | Place    | Note
-------+----------+-------------------------------------------
     0 | D:1      | Lanoc the Naga Ice Elementalist began the quest for the
                  | Orb.
     0 | D:1      | Reached XP level 1. HP: 15/15 MP: 3/3
    89 | D:2      | Reached XP level 2. HP: 16/22 MP: 3/5
   304 | D:2      | Noticed a bullfrog
   309 | D:2      | Killed a bullfrog
   309 | D:2      | Reached skill level 5 in Ice Magic
   309 | D:2      | Reached XP level 3. HP: 16/28 MP: 2/6
   309 | D:2      | Reached XP level 4. HP: 21/36 MP: 2/7
   314 | D:2      | Learned a level 3 spell: Frozen Ramparts
   691 | D:2      | Reached XP level 5. HP: 42/42 MP: 3/8
  1688 | D:3      | Noticed Terence
  1695 | D:3      | Killed Terence
  1695 | D:3      | Reached skill level 6 in Ice Magic
  1869 | D:3      | Found a shattered altar of Ashenzari.
  1869 | D:3      | Found a hide-covered altar of Uskayaw.
  2169 | D:3      | Found a white marble altar of Elyvilon.
  2272 | D:3      | Reached XP level 6. HP: 49/49 MP: 2/9
  2650 | D:3      | Became a worshipper of Ashenzari the Shackled
  2692 | D:4      | Noticed a necrophage
  2709 | D:4      | Killed a necrophage
  2879 | D:4      | Reached skill level 7 in Ice Magic
  2879 | D:4      | Reached XP level 7. HP: 52/55 MP: 6/10
  2904 | D:4      | Learned a level 3 spell: Ozocubu's Armour
  3216 | D:4      | Found Gefooxat's Jewellery Boutique.
  3221 | D:4      | Identified the +7 dagger of Qaowis {venom, Stlth+}
  3667 | D:5      | Entered Level 5 of the Dungeon
  3989 | D:5      | Noticed Blork the orc
  3995 | D:5      | Killed Blork the orc
  4277 | D:5      | Reached skill level 8 in Ice Magic
  4394 | D:5      | Noticed Menkaure
  4411 | D:5      | Killed Menkaure
  4411 | D:5      | Reached XP level 8. HP: 34/62 MP: 7/11
  4730 | D:5      | Noticed Grinder
  4738 | D:5      | Gained mutation: You evolve. [potion of mutation]
  4738 | D:5      | Gained mutation: Your magical capacity is low. (-10% MP)
                  | [potion of mutation]
  4773 | D:5      | Killed Grinder
  4773 | D:5      | Reached skill level 9 in Ice Magic
  4961 | D:6      | Found Jacegeb's Magic Scroll Emporium.
  5147 | D:6      | Reached skill level 5 in Dodging
  5289 | D:6      | Found Inox's Magic Scroll Boutique.
  5353 | D:6      | Found Omuerph's Magic Scroll Boutique.
  5358 | D:6      | Bought a scroll of blinking for 112 gold pieces
  5404 | D:6      | Found Zin's Purification Station.
  5407 | D:6      | Found a glowing silver altar of Zin.
  5601 | D:6      | Reached skill level 10 in Ice Magic
  5601 | D:6      | Reached XP level 9. HP: 68/68 MP: 6/10
  5609 | D:6      | Gained mutation: You are robust. (+10% HP) [evolution]
  5986 | D:6      | Found Gycs's Distillery.
  5994 | D:6      | Bought 2 potions of heal wounds for 140 gold pieces
  7178 | D:7      | Reached skill level 11 in Ice Magic
  7365 | D:7      | Found a burning altar of Makhleb.
  7481 | D:7      | Found a runed translucent gate.
  7482 | D:7      | Found a runed translucent gate.
  7483 | D:7      | Found a runed translucent gate.
  7486 | D:7      | Noticed Jaiteiro's ghost (novice CeHu)
  7810 | D:7      | Found a staircase to the Ecumenical Temple.
  7826 | Temple   | Entered the Ecumenical Temple
  8278 | D:8      | Found a hazy altar of Hepliaklqana.
  8542 | D:8      | Reached * piety under Ashenzari
  8564 | D:8      | Reached XP level 10. HP: 82/82 MP: 7/11
  8601 | D:8      | Learned a level 4 spell: Hailstorm
  9067 | D:8      | Reached skill level 12 in Ice Magic
  9119 | D:8      | Noticed a three-headed hydra
  9122 | D:8      | Killed a three-headed hydra
  9725 | D:9      | Noticed Prince Ribbit
  9755 | D:10     | Entered Level 10 of the Dungeon
  9758 | D:10     | HP: 3/82 [shadow imp/nerve-wracking pain (12)]
 10006 | D:10     | Reached skill level 13 in Ice Magic
 10173 | D:10     | Noticed Snorg
 10428 | D:10     | Gained mutation: You are partially covered in slimy green
                  | scales. (AC +2) [evolution]
 10486 | D:10     | Found a staircase to the Lair.
 10574 | D:9      | Found a runed translucent door.
 10588 | D:9      | Killed Prince Ribbit
 10730 | D:9      | Reached XP level 11. HP: 50/89 MP: 8/12
 11134 | D:9      | Found a runed translucent door.
 11467 | D:9      | Found an iron altar of Okawaru.
 11467 | D:9      | Noticed a two-headed ogre
 11477 | D:9      | Killed a two-headed ogre
 11477 | D:9      | Reached skill level 14 in Ice Magic
 11667 | D:9      | Reached ** piety under Ashenzari
 11744 | D:9      | Found a runed translucent door.
 11748 | D:9      | Noticed an obsidian statue
 11755 | D:9      | Found a runed translucent door.
 12644 | D:10     | Noticed a two-headed ogre
 13771 | D:10     | Killed a two-headed ogre
 14109 | D:10     | Noticed an unseen horror
 14116 | D:10     | Killed an unseen horror
 14306 | D:10     | Killed Snorg
 14306 | D:10     | Reached skill level 15 in Ice Magic
 14363 | D:11     | Identified the ring "Abytwex" {*Slow rPois Str+3 Dex+2}
 14363 | D:11     | Identified the amulet "Raikhlaz" {Regen+ Dex+3}
 14363 | D:11     | Identified the +9 hunting sling of the Thing {vorpal, rF+
                  | rC+}
 14363 | D:11     | Noticed an obsidian statue
 14427 | D:11     | HP: 4/86 [centaur/arrow (7)]
 14833 | D:11     | Noticed Erica
 14897 | D:11     | Killed Erica
 14897 | D:11     | Reached XP level 12. HP: 42/93 MP: 10/13
 15359 | D:11     | Noticed a five-headed hydra
 15370 | D:11     | Killed a five-headed hydra
 15563 | D:11     | Noticed Urug
 15600 | D:10     | Killed Urug
 16063 | D:11     | Found a staircase to the Orcish Mines.
 16234 | D:11     | Found a shadowy altar of Dithmenos.
 16240 | D:11     | Noticed Sonja
 16242 | D:11     | Cast into level 1 of the Abyss (Sonja)
 16326 | Abyss:1  | Learned a level 4 spell: Summon Ice Beast
 16351 | Abyss:1  | Noticed a brown very ugly thing
 16458 | Abyss:1  | Noticed an eidolon
 16501 | Abyss:1  | Noticed a thrashing horror
 16507 | Abyss:1  | Noticed a thrashing horror
 16511 | Abyss:1  | Noticed a starcursed mass
 16516 | Abyss:1  | Noticed a wretched star
 16525 | Abyss:1  | Killed a thrashing horror
 16527 | Abyss:1  | Killed a wretched star
 16527 | Abyss:1  | Reached skill level 10 in Dodging
 16527 | Abyss:1  | Reached skill level 16 in Ice Magic
 16536 | Abyss:1  | HP: 4/92 [small abomination (13)]
 16542 | Abyss:1  | Noticed a tentacled starspawn
 16600 | Abyss:1  | Noticed a tentacled starspawn
 16605 | Abyss:1  | Noticed a bone dragon
 16634 | Abyss:1  | Noticed a wretched star
 16650 | Abyss:1  | Noticed a starcursed mass
 16675 | D:11     | Escaped the Abyss
 16687 | D:11     | Killed Sonja
 16866 | D:11     | Noticed Gastronok
 16938 | D:11     | Killed Gastronok
 17259 | D:11     | Identified the Guide on Lethal Creation
 17710 | D:8      | Gained mutation: You rapidly evolve. [evolution]
 17791 | Orc:1    | Entered Level 1 of the Orcish Mines
 17802 | Orc:1    | Noticed an ettin
 18138 | D:12     | Found a sacrificial altar of Ru.
 18138 | D:12     | Noticed a four-headed hydra
 18146 | D:12     | Killed a four-headed hydra
 18146 | D:12     | Gained mutation: You can use your snake-like lower body to
                  | constrict enemies. [Naga growth]
 18146 | D:12     | Reached XP level 13. HP: 86/103 MP: 11/14
 18230 | D:12     | Found a large runed translucent door.
 18230 | D:12     | Found a large runed translucent door.
 18268 | D:12     | Noticed Jorgrun
 18303 | D:12     | Killed Jorgrun
 18303 | D:12     | Reached skill level 17 in Ice Magic
 18626 | D:12     | Found a large runed translucent door.
 18629 | D:12     | Found a large runed translucent door.
 18740 | D:12     | Reached *** piety under Ashenzari
 19189 | D:13     | Noticed Kirke
 19639 | D:13     | Noticed a sphinx
 19778 | D:13     | Killed Kirke
 20353 | D:14     | Found a blossoming altar of Fedhas.
 20563 | D:14     | Reached skill level 18 in Ice Magic
 21127 | D:14     | Reached XP level 14. HP: 83/112 MP: 4/15
 21346 | D:14     | Found a gate to the Vaults.
 21346 | D:14     | Noticed an ironheart preserver
 21368 | D:14     | Gained mutation: Your mind is acute. (Int +2) [evolution]
 21391 | D:14     | HP: 5/112 [harpy skeleton (3)]
 21393 | D:14     | Slain by a harpy skeleton

Illustrated notes

Levels and vault maps discovered:
D:1:      onia_arrival_handbag, layout_basic
D:2:      minmay_inner_zag, layout_basic, minmay_misc_feat_columns
D:3:      layout_rooms, gammafunk_temple_overflow_statue, lemuel_doored_altar,
          uniq_terence
D:4:      layout_loops_ring, first_ration, serial_shops,
          nicolae_shop_temple_entry_statues_fountains, roderic_batcave
D:5:      layout_rooms, minivault_1, kennysheep_generic_room_14,
          uniq_blork_the_orc, uniq_menkaure, uniq_grinder
D:6:      layout_basic, zin_purify, serial_shops, shop, shop_coins,
          kennysheep_little_box, shop_statue, water_maze_lemuel
D:7:      layout_rooms, kennysheep_mini_moat, minmay_temple_entry_proselytizer,
          gammafunk_ghost_split
D:8:      layout_gridville, marbit_many_paths, hangedman_ranch
          [blue_anna_fruit_fields]
D:9:      layout_roguey, old_standard_altar, minmay_statue_crystal_thing,
          uniq_prince_ribbit1
D:10:     layout_stronghold, erik_lair_island, uniq_snorg
D:11:     layout_loops_ring, erik_orc_4, basic_altar, minivault_15, uniq_urug,
          uniq_sonja, uniq_gastronok, uniq_erica
D:12:     layout_loops_corners, basic_altar, kennysheep_cluttered_room,
          minmay_hollow_rounded_squares, uniq_jorgrun
D:13:     layout_loops_ring, uniq_kirke
D:14:     kennysheep_large_spiral, layout_irregular_city,
          skrybe_vaults_entry_preservation, fedhas_altar_3
Temple:   minmay_freezing_vapour_temple
Orc:1:    layout_caves, serial_shops, shop

Skill      XL: |  1  2  3  4  5  6  7  8  9 10 11 12 13 |
---------------+----------------------------------------+-----
Dodging        | 2 3 4 5 6 8 9 10 11 | 11.7
Ice Magic      | 5 6 7 8 10 11 13 15 16 18 | 18.5
Stealth        | |  3.0
Spellcasting   | |  2.0

Action                   |  1- 3 |  4- 6 |  7- 9 | 10-12 | 13-15 || total
-------------------------+-------+-------+-------+-------+-------++-------
Melee: Unarmed           |     5 |    38 |       |       |       ||    43
       Spear             |       |    16 |   378 |   378 |       ||   772
       Dagger            |       |       |       |   131 |   279 ||   410
       Constrict         |       |       |       |       |    54 ||    54
Throw: Dart              |       |       |       |     9 |     4 ||    13
 Cast: Freeze            |    12 |     7 |       |       |       ||    19
       Frozen Ramparts   |       |    28 |    52 |   104 |    45 ||   229
       Hailstorm         |       |       |       |    31 |    10 ||    41
       Ozocubu's Armour  |       |       |       |     1 |     1 ||     2
       Summon Ice Beast  |       |       |       |       |     2 ||     2
 Abil: Spit Poison       |     5 |     6 |    10 |     7 |       ||    28
Evoke: Wand              |       |       |     2 |    12 |       ||    14
  Use: Potion            |       |       |     9 |    12 |     3 ||    24
       Scroll            |       |       |     7 |     9 |     6 ||    22
 Stab: Sleeping          |       |       |     6 |       |     5 ||    11
       Distracted        |       |       |     3 |       |       ||     3
  Eat: Chunk             |       |     7 |    16 |    33 |    17 ||    73
       Ration            |       |       |     2 |     7 |     2 ||    11
Armor: Robe              |     5 |    21 |    82 |   163 |       ||   271
       Skin              |       |       |    11 |       |       ||    11
       Troll leather arm |       |       |       |    28 |   159 ||   187
Dodge: Dodged            |     7 |    44 |   214 |   476 |   255 ||   996
